AoeStats
← Moul_3asirLimoune

Arena

509773203Analyzed
4v4 RM · 5d ago on Sep 28, 2026· 50m 24s· 8 players
Game mode
Random Map
Map size
Large (8 player)
Population
200
Speed
Normal
Resources
Standard
Victory
Conquest
Starting age
Dark Age
Ending age
Imperial Age
RankedLock teamsTeams togetherTeam positionsShared explorationLock speedFull tech treeHidden civsTurbo modeCheats
Victory
Defeat
🇨🇳 Franks · China
1169
+17
🇨🇦 Celts · Canada
1167
+17
🇦🇷 Huns · Argentina
1135
+19
🇺🇸 Mongols · United States
1131
+19
🇲🇦 Celts · Morocco
1316
-23
🇲🇦 Spanish · Morocco
1248
-20
🇲🇦 Hindustanis · Morocco
1157
-16
🇲🇦 Varangians · Morocco
1061
-13
unclesam613
11:38 Feudal Age
15:09 Castle Age
13:23 Horse Collar
15:45 Double-Bit Axe
16:03 Heavy Plow
16:47 Bow Saw
19:23 Stone Mining
19:34 Loom
21:22 Wheelbarrow
24:51 Hand Cart
24:29 Gold Mining
29:16 Imperial Age
27:34 Scale Mail Armor
28:55 Chain Mail Armor
28:19 Pikeman
30:41 Gold Shaft Mining
29:59 Onager
31:44 Plate Mail Armor
32:00 Conscription
32:35 Fletching
34:32 Forging
36:30 Furor Celtica
37:13 Elite Woad Raider
38:57 Siege Onager
39:59 Halberdier
50:28 Scale Barding Armor
50:58 Iron Casting
51:00 Siege Engineers
mark_aoe_2024
10:35 Feudal Age
14:59 Castle Age
13:13 Double-Bit Axe
13:11 Horse Collar
16:42 Bow Saw
17:18 Loom
21:37 Wheelbarrow
22:54 Hand Cart
24:35 Fletching
25:17 Bodkin Arrow
37:29 Imperial Age
36:04 Bloodlines
36:43 Ballistics
38:44 Thumb Ring
39:51 Parthian Tactics
40:31 Chemistry
39:39 Bracer
39:39 Padded Archer Armor
40:20 Conscription
40:45 Husbandry
40:07 Light Cavalry
41:52 Drill
41:35 Gold Mining
41:57 Elite Mangudai
42:13 Capped Ram
44:05 Leather Archer Armor
43:55 Scale Barding Armor
44:04 Siege Engineers
43:35 Siege Ram
Pablo
11:44 Feudal Age
12:05 Feudal Age
15:55 Castle Age
15:05 Double-Bit Axe
23:56 Horse Collar
24:36 Bow Saw
25:37 Marauders
29:55 Imperial Age
27:53 Scale Barding Armor
27:59 Forging
29:03 Chain Barding Armor
29:11 Bloodlines
29:02 Husbandry
29:51 Wheelbarrow
30:42 Iron Casting
31:02 Conscription
30:43 Gold Mining
30:35 Elite Tarkan
32:04 Plate Barding Armor
33:22 Blast Furnace
32:47 Hand Cart
35:16 Gold Shaft Mining
43:51 Town Watch
45:11 Two-Man Saw
44:13 Heavy Plow
HajimiManbo
5:11 Loom
11:28 Feudal Age
15:17 Castle Age
13:47 Double-Bit Axe
17:03 Wheelbarrow
16:55 Scale Mail Armor
18:42 Bow Saw
18:26 Gold Mining
20:27 Chain Mail Armor
20:23 Forging
30:11 Imperial Age
31:23 Conscription
32:25 Conscription
33:14 Iron Casting
33:09 Plate Mail Armor
36:45 Hand Cart
36:15 Town Watch
36:07 Elite Throwing Axeman
36:51 Ordonnance Companies
40:57 Blast Furnace
42:33 Gold Shaft Mining
41:49 Stone Mining
42:08 Heavy Mounted Crossbowman
42:09 Cranequins
42:41 Fletching
42:52 Padded Archer Armor
42:24 Pikeman
43:04 Squires
42:50 Arson
46:23 Halberdier
48:03 Bodkin Arrow
48:23 Leather Archer Armor
CHUCKY[WASK]
10:27 Feudal Age
14:26 Castle Age
12:28 Loom
12:49 Double-Bit Axe
13:15 Horse Collar
15:18 Wheelbarrow
14:52 Gold Mining
17:27 Heavy Plow
17:49 Bow Saw
23:28 Gold Shaft Mining
28:11 Imperial Age
26:14 Bloodlines
26:39 Scale Barding Armor
27:29 Hand Cart
27:57 Chain Barding Armor
27:48 Forging
27:45 Town Watch
28:46 Heavy Camel Rider
30:04 Plate Barding Armor
30:05 Iron Casting
30:00 Town Patrol
31:44 Chemistry
31:04 Ballistics
33:02 Blast Furnace
32:39 Imperial Camel Rider
39:06 Conscription
camel-number11
5:26 Loom
11:05 Feudal Age
12:21 Double-Bit Axe
12:18 Horse Collar
17:23 Castle Age
15:30 Gold Mining
15:30 Stone Mining
19:12 Scale Barding Armor
20:44 Bloodlines
28:15 Bow Saw
28:48 Heavy Plow
32:02 Wheelbarrow
40:04 Imperial Age
38:39 Forging
47:24 Husbandry
Moul_3asirLimoune
9:31 Feudal Age
14:51 Castle Age
13:06 Double-Bit Axe
15:46 Loom
27:34 Padded Archer Armor
28:37 Wheelbarrow
30:31 Stone Mining
30:41 Gold Mining
32:14 Bow Saw
38:22 Imperial Age
36:44 Fortified Wall
40:06 Chemistry
41:02 Leather Archer Armor
43:38 Ring Archer Armor
44:32 Squires
Moul_Thon
11:52 Feudal Age
12:54 Double-Bit Axe
13:15 Horse Collar
15:51 Castle Age
16:15 Wheelbarrow
17:01 Bow Saw
21:33 Heavy Plow
22:34 Gold Mining
23:59 Gold Shaft Mining
28:13 Imperial Age
26:27 Forging
26:18 Scale Mail Armor
26:44 Hand Cart
26:07 Man-at-Arms
26:33 Gambesons
26:33 Arson
27:00 Town Watch
27:53 Iron Casting
27:15 Pikeman
28:41 Hand Cart
28:24 Halberdier
29:26 Conscription
28:29 Capped Ram
30:29 Chain Mail Armor
31:47 Blast Furnace
32:17 Plate Mail Armor
32:08 Town Patrol
33:20 Siege Ram
34:13 Stone Mining
34:11 Long Swordsman
36:02 Stone Shaft Mining
34:55 Two-Handed Swordsman
36:06 Champion
39:51 Stronghold
42:05 Furor Celtica
41:39 Elite Woad Raider
43:10 Light Cavalry
44:10 Scale Barding Armor
Connection lost

Rejoining the realm…

Still unreachable

The connection could not be restored.

Session expired

The server has moved on; the page needs a fresh start.